 Dungeon Crawl Stone Soup version 0.31.0-11-ge490571c62 (webtiles) character file.

Game seed: 15571063199261023491

9246 Ijustatesigmund the Fighter (level 11, -13/69 HPs)
             Began as a Gargoyle Fighter on Feb 1, 2024.
             Was a Believer of Vehumet.
             Mangled by a komodo dragon (21 damage)
             ... on level 11 of the Dungeon.
             The game lasted 00:23:58 (13612 turns).

Ijustatesigmund the Fighter (Gargoyle Fighter)     Turns: 13612, Time: 00:23:59

Health: -13/69     AC: 22    Str: 21    XL:     11   Next: 43%
Magic:  20/20      EV: 11    Int: 12    God:    Vehumet [**....]
Gold:   589        SH:  4    Dex:  9    Spells: 13/22 levels left

rFire   . . .        M - +2 whip (vamp)
rCold   . . .        c - +0 buckler
rNeg    + . .        O - +0 acid dragon scales
rPois   ∞            w - +1 helmet
rElec   +            l - +1 cloak
rCorr   +            d - +1 pair of gloves
SInv    +            (no boots)
Will    .....        A - amulet of magic regeneration
Stlth   +            g - ring of see invisible
HPRegen 0.31/turn    E - ring of flight
MPRegen 0.57/turn

%: no passive effects
@: about to teleport, flying, studying Hexes
A: sickness immunity, AC +8, negative energy resistance 1, electricity
resistance, torment resistance 1, petrification resistance
a: Renounce Religion


You were on level 11 of the Dungeon.
You worshipped Vehumet.
Vehumet was pleased with you.
You visited 2 branches of the dungeon, and saw 12 of its levels.

You collected 589 gold pieces.

Inventory:

Hand Weapons
 a - a +0 flail
 M - a +2 vampiric whip (weapon)
Armour
 b - a +0 troll leather armour
 c - a +0 buckler (worn)
 d - a +1 pair of gloves (worn)
 l - a +1 cloak (worn)
 w - a +1 helmet (worn)
 N - a +2 leather armour of cold resistance
 O - +0 acid dragon scales (worn)
Jewellery
 g - a ring of see invisible (left hand)
 v - a ring of ice
 A - an amulet of magic regeneration (around neck)
 E - a ring of flight (right hand)
 P - the amulet "Nequmemy" {Spirit rN++ Will+ Regen+ Str-3 SInv}
   (You found it on level 11 of the Dungeon)

   [amulet of guardian spirit]

   Spirit:    It causes incoming damage to be divided between your reserves of
   health and magic.
   Str-3:     It affects your strength (-3).
   rN++:      It greatly protects you from negative energy.
   Will+:     It increases your willpower.
   SInv:      It lets you see invisible.
   Regen+:    It increases your rate of health regeneration.
Wands
 k - a wand of polymorph (12)
 s - a wand of flame (28)
 y - a wand of digging (2)
 J - a wand of roots (12)
 K - a wand of paralysis (3)
 R - a wand of mindburst (9)
Scrolls
 e - 2 scrolls of brand weapon {unknown}
 f - a scroll of summoning {unknown}
 h - 5 scrolls of amnesia
 i - a scroll of teleportation
 j - 3 scrolls of torment {unknown}
 o - a scroll of poison
 p - 3 scrolls of noise {unknown}
 q - a scroll of fog {unknown}
 r - a scroll of enchant weapon {unknown}
 t - a scroll of vulnerability {unknown}
 x - a scroll of immolation {unknown}
 D - 2 scrolls of enchant armour
 Q - a scroll of blinking {unknown}
Potions
 m - 2 potions of magic
 n - 2 potions of brilliance
 u - a potion of attraction {unknown}
 z - 2 potions of might
 B - a potion of enlightenment {unknown}
 C - 4 potions of heal wounds {unknown}
 F - a potion of experience {unknown}
 G - 2 potions of curing
 H - 2 potions of mutation {unknown}
 L - 2 potions of lignification
Miscellaneous
 I - a lightning rod (4/4)


   Skills:
 - Level 8.7 Fighting
 - Level 7.8 Maces & Flails
 - Level 5.3 Armour
 - Level 2.0 Dodging
 - Level 5.2 Shields
 - Level 6.3 Spellcasting
 - Level 7.6 Conjurations
 - Level 7.3 Earth Magic
 + Level 3.1 Alchemy
 - Level 2.2 Evocations


You had 13 spell levels left.
You knew the following spells:

 Your Spells              Type           Power      Damage    Failure   Level
a - Magic Dart            Conj           88%        1d7       1%          1
b - Stone Arrow           Conj/Erth      42%        3d9       3%          3
c - Irradiate             Conj/Alch      8%         3d14      63%         5

Your spell library contained the following spells:

 Spells                   Type           Power      Damage    Failure   Level
 Sting                    Conj/Alch      64%        1d7       3%          1
 Sandblast                Erth           42%        2d11      1%          1
 Searing Ray              Conj           44%        2d6       1%          2
 Passwall                 Erth           21%        N/A       3%          3
 Brom's Barrelling Bould  Conj/Erth      21%        2d4       12%         4
 Fulminant Prism          Conj/Alch      8%         3d7       28%         4
 Petrify                  Alch/Erth      16%        N/A       30%         4
 Blink                    Tloc           6%         N/A       36%         2
 Call Imp                 Summ           6%         N/A       36%         2
 Animate Armour           Summ/Erth      24%        N/A       50%         4
 Fugue of the Fallen      Necr           3%         N/A       61%         3
 Gell's Gravitas          Tloc           3%         N/A       61%         3
 Ozocubu's Armour         Ice            3%         N/A       61%         3
 Teleport Other           Tloc           3%         N/A       61%         3
 Ignite Poison            Fire/Alch      7%         N/A       80%         4
 Sticky Flame             Fire/Alch      7%         2d4       80%         4
 Borgnjor's Vile Clutch   Necr/Erth      6%         N/A       85%         5
 Alistair's Intoxication  Alch           7%         N/A       90%         5
 Manifold Assault         Tloc           3%         N/A       95%         4
 Passage of Golubria      Tloc           3%         N/A       95%         4
 Silence                  Hex/Air        1%         N/A       100%        5
 Conjure Ball Lightning   Conj/Air       6%         3x3d6     100%        6
 Dispersal                Tloc           1%         N/A       100%        6
 Eringya's Noxious Bog    Alch           5%         4d6       100%        6
 Summon Hydra             Summ           1%         N/A       100%        7
 Discord                  Hex            1%         N/A       100%        8
 Disjunction              Tloc           1%         N/A       100%        8
 Ignition                 Fire           1%         3d3       100%        8
 Lehudib's Crystal Spear  Conj/Erth      10%        10d4      100%        8
 Sublimation of Blood     Necr           Unusable   N/A       N/A         2

Dungeon Overview and Level Annotations

Branches:
Dungeon (11/15)            Temple (1/1) D:4            Lair (0/5) D:11
    Orc (0/2) D:11

Altars:
Ashenzari
Cheibriados
Dithmenos
Elyvilon
Fedhas
Gozag
Hepliaklqana
Kikubaaqudgha
Makhleb
Nemelex Xobeh
Okawaru
Qazlal
Ru
Sif Muna
Trog
Uskayaw
Vehumet
Wu Jian
Xom
Yredelemnul
Zin
The Shining One

Shops:
D:1 (

Annotations:
D:10 4 transporters
Temple 2 transporters


Innate Abilities, Weirdness & Mutations

You are immune to sickness and miasma.
Your stone body is resilient. (AC +8)
You are immune to poison.
You resist negative energy. (rN+)
You are resistant to electric shocks. (rElec)
You are resistant to unholy torment.
You are immune to petrification.


Message History

The wyvern bites you but does no damage.
The komodo dragon bites you!
You closely miss the wyvern.
The wyvern is lightly wounded.
The wyvern bites you.
You barely miss the wyvern.
The wyvern is lightly wounded.
You block the wyvern's attack. The komodo dragon bites you.
You hit the wyvern but do no damage.
The wyvern is lightly wounded.
The wyvern bites you but does no damage.
You block the komodo dragon's attack. You block the wyvern's attack.
You barely miss the wyvern.
The wyvern is lightly wounded.
The wyvern barely misses you. The komodo dragon closely misses you.
You hit the wyvern.
You feel better.
The wyvern is moderately wounded.
The wyvern bites you but does no damage.
You hit the wyvern.
You feel better.
The wyvern is moderately wounded.
The komodo dragon bites you!
The wyvern bites you but does no damage.
You are too injured to fight recklessly!
You are too injured to fight recklessly!
You are too injured to fight recklessly!
You are too injured to fight recklessly!
You are too injured to fight recklessly!
You are too injured to fight recklessly!
You are too injured to fight recklessly!
You are too injured to fight recklessly!
Okay, then.
As you read the scroll of teleportation, it crumbles to dust.
You feel strangely unstable.
The wyvern bites you but does no damage.
The komodo dragon bites you!!
* * * LOW HITPOINT WARNING * * *
You feel better. The wyvern bites you.
* * * LOW HITPOINT WARNING * * *
The komodo dragon bites you!!
You die...

#........#
.........#
.........##########
..................#
..................#
..................#
.....>.###...###..#
.....####....P##kl#
......##.....PP#@.#
......##...PPPP####
......#...P..PP#
.....##.P.P...P#
..........P...P#
......#..PP....#
^.......PPP.>..#
.......#P .......#


You could see a komodo dragon and a wyvern.

Vanquished Creatures
  A two-headed ogre (D:11)
  A harpy (D:6)
  2 kobold demonologists (D:9)
  2 trolls
  A hornet (D:10)
  A shadow (D:9)
  A vampire (D:10)
  A wraith (D:11)
  2 wyverns
  10 yaks
  A basilisk (D:11)
  A steam dragon (D:9)
  2 acid dragons
  4 water moccasins
  3 black bears
  2 ice beasts
  4 orc warriors
  2 sky beasts (D:7)
  2 ogres (D:7)
  A centaur (D:5)
  2 phantoms
  A kobold brigand (D:9)
  2 bullfrogs
  8 scorpions
  13 killer bees
  3 howler monkeys
  3 hounds
  3 jellies
  Crazy Yiuf (D:3)
  A gnoll bouda (D:9)
  4 orc priests
  Ijyb (D:3)
  Jessica (D:3)
  2 iguanas
  16 orc wizards
  16 gnolls
  7 adders
  A shadow imp (D:6)
  A white imp (D:6)
  4 ribbon worms
  2 dart slugs
  46 orcs
  5 ball pythons
  A bat (D:3)
  5 endoplasms
  2 giant cockroaches
  12 goblins
  4 hobgoblins
  10 jackals
  4 quokkas
  3 frilled lizards
  13 kobolds
  5 rats
246 creatures vanquished.

Vanquished Creatures (others)
  An arcanist (D:5)
  An orc wizard (D:8)
2 creatures vanquished.

Grand Total: 248 creatures vanquished

Notes
Turn   | Place    | Note
-------+----------+-------------------------------------------
     0 | D:1      | Ijustatesigmund the Gargoyle Fighter began the quest for
                  | the Orb.
     0 | D:1      | Reached XP level 1. HP: 14/14 MP: 1/1
   135 | D:1      | Reached XP level 2. HP: 13/19 MP: 2/2
   306 | D:1      | Reached XP level 3. HP: 23/23 MP: 3/3
   427 | D:1      | Learned a level 1 spell: Magic Dart
   709 | D:1      | Found Turgh's Weapon Shoppe.
  1270 | D:2      | Found a blossoming altar of Fedhas.
  1285 | D:2      | Reached XP level 4. HP: 29/29 MP: 4/4
  1748 | D:3      | Noticed Ijyb
  1763 | D:3      | Killed Ijyb
  2029 | D:3      | Reached XP level 5. HP: 33/33 MP: 5/5
  2032 | D:3      | Reached skill level 4 in Fighting
  2071 | D:3      | Reached skill level 1 in Conjurations
  2205 | D:3      | Found a runed translucent door.
  2206 | D:3      | Noticed Crazy Yiuf
  2520 | D:3      | Noticed Jessica
  2528 | D:3      | Killed Jessica
  2529 | D:3      | Reached skill level 1 in Spellcasting
  2569 | D:3      | Found a stormy altar of Qazlal.
  2870 | D:4      | Reached XP level 6. HP: 28/38 MP: 7/7
  3634 | D:4      | Reached XP level 7. HP: 44/44 MP: 9/9
  4099 | D:4      | Found a staircase to the Ecumenical Temple.
  4108 | Temple   | Found a transporter.
  4108 | Temple   | Found a transporter.
  4108 | Temple   | Found a transporter.
  4108 | Temple   | Found a transporter.
  4108 | Temple   | Entered the Ecumenical Temple
  4404 | D:5      | Entered Level 5 of the Dungeon
  4414 | D:4      | Reached skill level 5 in Fighting
  4414 | D:4      | Reached skill level 5 in Armour
  4476 | D:5      | Reached skill level 5 in Shields
  4480 | D:5      | Found a bloodstained altar of Trog.
  4607 | D:5      | Reached XP level 8. HP: 49/49 MP: 11/11
  4644 | D:5      | Found a sacrificial altar of Ru.
  4795 | D:5      | Learned a level 3 spell: Stone Arrow
  5033 | D:5      | Reached skill level 1 in Earth Magic
  5272 | D:5      | Noticed a wizard
  5275 | D:5      | Killed a wizard
  5458 | D:5      | Reached skill level 5 in Maces & Flails
  5705 | D:3      | Killed Crazy Yiuf
  6119 | D:6      | Noticed Jeremiah
  6126 | D:6      | Jeremiah changed into Jeremiah the harpy
  6126 | D:6      | Noticed Jeremiah
  6135 | D:6      | Killed Jeremiah the harpy
  6136 | D:6      | Reached skill level 6 in Fighting
  6136 | D:6      | Reached XP level 9. HP: 41/55 MP: 14/14
  7099 | D:6      | Reached skill level 5 in Conjurations
  7886 | D:7      | Reached skill level 7 in Fighting
  8055 | D:7      | Reached skill level 5 in Earth Magic
  8459 | D:8      | Found a radiant altar of Vehumet.
  8474 | D:8      | Became a worshipper of Vehumet
  8564 | D:8      | Reached skill level 5 in Spellcasting
  8564 | D:8      | Reached XP level 10. HP: 27/63 MP: 17/17
  9840 | D:9      | Found a white marble altar of Elyvilon.
 10228 | D:9      | Noticed a kobold demonologist
 10228 | D:9      | Noticed a kobold demonologist
 10272 | D:9      | Killed a kobold demonologist
 10292 | D:9      | Killed a kobold demonologist
 10299 | D:9      | Reached * piety under Vehumet
 10299 | D:9      | Offered knowledge of Kiss of Death by Vehumet.
 10475 | D:9      | Found a shimmering altar of Xom.
 10599 | D:9      | Reached skill level 8 in Fighting
 11040 | D:9      | Found an ornate altar of the Wu Jian Council.
 11283 | D:10     | Entered Level 10 of the Dungeon
 11487 | D:10     | Reached skill level 1 in Evocations
 11488 | D:10     | Reached skill level 1 in Dodging
 11529 | D:10     | Found a transporter.
 11549 | D:10     | Found a transporter.
 11550 | D:10     | Found a transporter.
 11589 | D:10     | Reached XP level 11. HP: 69/69 MP: 20/20
 12053 | D:10     | Found a transporter.
 12323 | D:11     | Found a staircase to the Orcish Mines.
 12985 | D:10     | Learned a level 5 spell: Irradiate
 13034 | D:10     | Reached skill level 1 in Alchemy
 13136 | D:11     | Identified the amulet "Nequmemy" {Spirit rN++ Will+ Regen+
                  | Str-3 SInv}
 13156 | D:11     | Noticed a two-headed ogre
 13163 | D:11     | Killed a two-headed ogre
 13163 | D:11     | Offered knowledge of Sting by Vehumet.
 13227 | D:11     | Reached ** piety under Vehumet
 13590 | D:11     | Found a staircase to the Lair.
 13612 | D:11     | Mangled by a komodo dragon

Illustrated notes

Levels and vault maps discovered:
D:1:      dpeg_arrival_round_b, layout_basic, serial_shops,
          nicolae_shop_bloodbath_and_beyond, dk_noncrumbling_2
D:2:      layout_basic, basic_altar
D:3:      corexii_shack_village, layout_loops_corners,
          mainiacjoe_overflow_alcove_4, uniq_crazy_yiuf_cottage, uniq_ijyb,
          uniq_jessica
D:4:      layout_basic, temple_hall, minmay_manual_mandibuliform
D:5:      layout_loops_cross, trog_wizard, kennysheep_little_box
D:6:      layout_layer_cave, uniq_jeremiah
D:7:      layout_loops_ring
D:8:      layout_basic, mainiacjoe_overflow_chevrons
D:9:      layout_roguey, nzn_wu_jian_council_hall, elyvilon_altar_1,
          xom_butterflies, minmay_misc_feat_columns
D:10:     layout_roguey, nicolae_transporter_circle
D:11:     layout_rooms, david_lair_shrubbed, david_orc_3
Temple:   hellmonk_temple_divided_pantheon

Skill      XL: |  1  2  3  4  5  6  7  8  9 10 11 |
---------------+----------------------------------+-----
Maces & Flails | 3 4 5 6 7 |  7.8
Armour         | 4 5 |  5.3
Fighting       | 4 5 6 7 8 |  8.7
Shields        | 4 5 |  5.2
Conjurations   | 1 2 3 4 6 7 |  7.6
Spellcasting   | 1 2 3 5 6 |  6.3
Earth Magic    | 3 5 6 7 |  7.3
Evocations     | 1 2 |  2.2
Dodging        | 1 2 |  2.0
Alchemy        | 3 |  3.1

Action                     |  1- 3 |  4- 6 |  7- 9 | 10-12 || total
---------------------------+-------+-------+-------+-------++-------
  Melee: Flail             |   115 |   283 |   465 |   508 ||  1371
         Whip              |       |       |       |   177 ||   177
   Cast: Magic Dart        |       |       |       |    37 ||    37
         Stone Arrow       |       |       |       |    31 ||    31
  Evoke: Wand              |       |       |     7 |       ||     7
    Use: Scroll            |     1 |     5 |     4 |     4 ||    14
         Potion            |       |     1 |     5 |     2 ||     8
 Armour: Scale mail        |   135 |   213 |   370 |   192 ||   910
         Skin              |       |       |     3 |       ||     3
         Troll leather arm |       |       |       |   282 ||   282
         Acid dragon scale |       |       |       |    74 ||    74
  Dodge: Dodged            |    86 |   133 |   204 |   356 ||   779
  Block: Buckler           |    37 |    57 |    92 |   152 ||   338
